 Dungeon Crawl Stone Soup version 0.27.1-16-g815e20cd7a (webtiles) character file.

Game seed: 13594048024918533300

941 Eitelfritz the Slasher (level 7, -4/55 HPs)
             Began as a Demonspawn Gladiator on Nov 22, 2021.
             Slain by an ice beast (12 damage)
             ... on level 5 of the Dungeon.
             The game lasted 00:09:52 (4708 turns).

Eitelfritz the Slasher (Demonspawn Gladiator)       Turns: 4708, Time: 00:09:53

Health: -4/55      AC:  6    Str: 16    XL:     7   Next: 88%
Magic:  0/7        EV: 16    Int: 10    God:
Gold:   227        SH:  0    Dex: 14    Spells: 6/6 levels left

rFire    . . .     SeeInvis .   a - +2 long sword
rCold    . . .     Faith    .   (no shield)
rNeg     + + +     Spirit   +   s - +0 ring mail
rPois    .         Reflect  .   c - +0 helmet
rElec    +         Harm     .   (no cloak)
rCorr    +         Rampage  .   (no gloves)
Will     .....                  (no boots)
Stlth    +.........             b - amulet "Kahy" {Spirit rElec rN+++ rCorr}
HPRegen  0.18/turn              k - +4 ring of evasion
MPRegen  0.10/turn              (no ring)

@: no status effects
A: talons 2, foul stench 1
a: no special abilities


You were on level 5 of the Dungeon.
You visited 1 branch of the dungeon, and saw 5 of its levels.
You also visited: Sewer.

You collected 227 gold pieces.

Inventory:

Hand Weapons
 a - a +2 long sword (weapon)
Missiles
 d - 3 throwing nets
 h - 6 atropa-tipped darts
 v - 5 boomerangs (quivered)
Armour
 c - a +0 helmet (worn)
 s - a +0 ring mail (worn)
Jewellery
 b - the amulet "Kahy" (around neck) {Spirit rElec rN+++ rCorr}
   (You acquired it on level 3 of the Dungeon)

   [amulet of guardian spirit]

   It causes incoming damage to be divided between your reserves of health and
   magic.
   rElec:     It insulates you from electricity.
   rN:        It renders you almost immune to negative energy.
   rCorr:     It protects you from acid and corrosion.
 k - a +4 ring of evasion (left hand)
Wands
 n - a wand of flame (20)
 x - a wand of paralysis (8)
Scrolls
 o - 4 scrolls of teleportation
Potions
 e - a potion of resistance {unknown}
 f - a potion of mutation {unknown}
 g - 5 potions of heal wounds {unknown}
 i - a potion of might {unknown}
 j - 2 potions of degeneration {unknown}
 l - a potion of curing {unknown}
 m - a potion of brilliance {unknown}
 p - a potion of attraction {unknown}
 q - 2 potions of flight {unknown}
 r - a potion of lignification {unknown}
 t - a potion of berserk rage


   Skills:
 + Level 4.4 Fighting
 + Level 6.2 Long Blades
 + Level 1.9 Throwing
 + Level 3.1 Armour
 + Level 4.0 Dodging
 + Level 1.2 Stealth


You had 6 spell levels left.
You didn't know any spells.
Your spell library contained the following spells:

 Spells                   Type           Power      Damage    Failure   Level
 Magic Dart               Conj           0%         1d3       56%         1
 Call Imp                 Summ           0%         N/A       71%         2
 Dazzling Flash           Conj/Hex       0%         N/A       91%         3
 Mephitic Cloud           Conj/Pois/Air  0%         N/A       91%         3
 Agony                    Necr           0%         N/A       100%        5
 Silence                  Hex/Air        0%         N/A       100%        5


Dungeon Overview and Level Annotations

Branches:
Dungeon (5/15)              Sewer (visited)
 Temple: D:4-7

Altars:
Ashenzari
Qazlal
Sif Muna
Uskayaw
Vehumet
Wu Jian

Annotations:
D:5 3 runed translucent doors, ghwc's ghost, novice DsAK


Innate Abilities, Weirdness & Mutations

You have razor-sharp toenails.
You may rarely emit foul miasma when damaged in melee.


Message History

You throw a boomerang. The boomerang hits the ogre!
The ogre is moderately wounded.
The shadow imp gestures at you.
You are unaffected.
You closely miss the shadow imp.
You claw the shadow imp, but do no damage.
The shadow imp hits you but does no damage.
You barely miss the shadow imp. Your kick misses the shadow imp.
The shadow imp closely misses you.
You hit the shadow imp. Your kick misses the shadow imp.
The shadow imp is lightly wounded.
The shadow imp barely misses you.
You hit the shadow imp.
The shadow imp is heavily wounded.
The shadow imp gestures at you.
You are unaffected.
You hit the shadow imp.
You claw the shadow imp, but do no damage.
The shadow imp is almost dead.
The shadow imp gestures at you.
You are unaffected.
You hit the shadow imp.
You kill the shadow imp!
The ogre hits you with a +0 giant club!!
You hit the ogre. Your kick misses the ogre.
The ogre is moderately wounded.
You slash the ogre! You claw the ogre.
The ogre is almost dead.
The ogre hits you with a +0 giant club!!
* * * LOW HITPOINT WARNING * * *
You emit a cloud of foul miasma!
You slash the ogre!
You kill the ogre!
Your Long Blades skill increases to level 6!
Your Dodging skill increases to level 4!
Unknown command.
The ice beast hits you.
* * * LOW HITPOINT WARNING * * *
The ice beast freezes you!
You die...

#.. ## #..#....
##.##. #..#.#.
..... # #....$
#.<. .# ##.##.#
#[.##..#
..###...#.#
...<...#
..........#
#..#####
####...).##
#..## .#.#
#####Y....#
#.>.##..W(.
#...@J....#
##.##...W..
##.####.#.....
##..##...(.# #.#
#.######
....#......Z #.#
#..
....###+++####.#
#.>.
#####..........#
#.... #........#
...## #.#.#...##
#.#.##.##


You could see an ice beast and a jelly.

Vanquished Creatures
  Purgy (Sewer)
  An ogre (D:5)
  A centaur (D:5)
  A phantom (D:3)
  A scorpion (D:5)
  A howler monkey (D:5)
  A jelly (D:4)
  3 orc priests
  2 hounds (D:5)
  A centaur skeleton (D:4)
  An iguana (D:2)
  2 orc wizards
  A howler monkey zombie (D:4)
  7 adders
  4 gnolls
  A shadow imp (D:5)
  13 orcs
  2 endoplasms (D:2)
  6 giant cockroaches
  9 hobgoblins
  14 jackals
  3 quokkas
  6 ball pythons
  8 bats
  5 frilled lizards (D:1)
  9 goblins
  10 kobolds
  5 rats
119 creatures vanquished.

Notes
Turn   | Place    | Note
-------+----------+-------------------------------------------
     0 | D:1      | Eitelfritz the Demonspawn Gladiator began the quest for the
                  | Orb.
     0 | D:1      | Reached XP level 1. HP: 16/16 MP: 1/1
    80 | D:1      | Reached skill level 3 in Long Blades
    80 | D:1      | Gained mutation: You have sharp toenails. [demonic
                  | ancestry]
    80 | D:1      | Reached XP level 2. HP: 12/22 MP: 2/2
   216 | D:1      | Found a faded altar of an unknown god.
   500 | D:1      | Reached XP level 3. HP: 28/28 MP: 3/3
   893 | D:2      | Reached skill level 1 in Armour
   893 | D:2      | Gained mutation: You may rarely emit foul miasma when
                  | damaged in melee. [demonic ancestry]
   893 | D:2      | Reached XP level 4. HP: 31/34 MP: 4/4
  1628 | D:2      | Reached XP level 5. HP: 11/40 MP: 5/5
  2041 | D:2      | Reached skill level 4 in Long Blades
  2500 | D:3      | Noticed a phantom
  2516 | D:3      | Killed a phantom
  2517 | D:3      | Reached XP level 6. HP: 22/47 MP: 6/6
  3104 | D:3      | Found an ornate altar of the Wu Jian Council.
  3241 | D:3      | Identified a scroll of acquirement
  3241 | D:3      | Acquired the amulet "Kahy" {Spirit rElec rN+++ rCorr}
  3312 | D:4      | Found a stormy altar of Qazlal.
  3312 | D:4      | Found a radiant altar of Vehumet.
  3345 | D:4      | Found a glowing drain.
  3397 | Sewer    | Entered a sewer
  3431 | Sewer    | Noticed Purgy
  3445 | Sewer    | Killed Purgy
  3446 | Sewer    | Reached skill level 5 in Long Blades
  3724 | D:4      | Gained mutation: You have razor-sharp toenails. [demonic
                  | ancestry]
  3724 | D:4      | Reached XP level 7. HP: 40/54 MP: 5/7
  3978 | D:4      | Found a shimmering blue altar of Sif Muna.
  4100 | D:4      | Found a hide-covered altar of Uskayaw.
  4100 | D:4      | Found a broken altar of Ashenzari.
  4514 | D:5      | Entered Level 5 of the Dungeon
  4558 | D:5      | Reached skill level 1 in Stealth
  4662 | D:5      | Found a runed translucent gate.
  4662 | D:5      | Found a runed translucent gate.
  4664 | D:5      | Found a runed translucent gate.
  4670 | D:5      | Noticed ghwc's ghost (novice DsAK)
  4708 | D:5      | Reached skill level 6 in Long Blades
  4708 | D:5      | Slain by an ice beast

Illustrated notes

Levels and vault maps discovered:
D:1:      mushboom_english_gardens, layout_rooms, basic_ecumenical_altar,
          st_stairs_2
D:2:      layout_loops_ring, grunt_ministairs_15
D:3:      layout_loops_ring, nzn_wu_jian_council_hall, grunt_decor_junction
D:4:      layout_layer_cave, nicolae_sif_muna_condensation,
          mainiacjoe_overflow_divided_tiny, jmf_multi_god_temple,
          gup_sewer_entry_glass
D:5:      layout_loops_ring, minmay_temple_entry_glass,
          gammafunk_ghost_necromancy

Skill      XL: |  1  2  3  4  5  6  7 |
---------------+----------------------+-----
Long Blades    | 3 4 5 6 |  6.2
Dodging        | 3 4 |  4.0
Armour         | 1 2 3 |  3.1
Fighting       | 3 4 |  4.4
Stealth        | 1 |  1.2
Throwing       | |  1.9

Action                   |  1- 3 |  4- 6 |  7- 9 || total
-------------------------+-------+-------+-------++-------
Melee: Long sword        |    85 |   144 |    64 ||   293
       Kick              |    18 |    46 |    20 ||    84
Throw: Boomerang         |       |       |     1 ||     1
  Use: Scroll            |       |     7 |     2 ||     9
Armor: Leather armour    |    21 |    24 |       ||    45
       Ring mail         |       |    17 |    13 ||    30
Dodge: Dodged            |    72 |   148 |    50 ||   270
       Rpst.: Long sword |    18 |    54 |    12 ||    84
